 Dungeon Crawl Stone Soup version 0.27-a0-1200-g94dc6ad4cf (webtiles) character file.

Game seed: 16594696155771235720

442 Delamore the Cudgeller (level 7, -7/44 HPs)
             Began as a Gargoyle Fighter on June 1, 2021.
             Was an Initiate of Okawaru.
             Mangled by Edmund
             ... wielding a +3 flail of holy wrath
              (10 damage)
             ... on level 4 of the Dungeon.
             The game lasted 00:03:34 (3531 turns).

Delamore the Cudgeller (Gargoyle Fighter)           Turns: 3531, Time: 00:03:35

Health: -7/44      AC: 13    Str: 21    XL:     7   Next: 2%
Magic:  7/7        EV: 23    Int:  9    God:    Okawaru [......]
Gold:   60         SH:  9    Dex:  9    Spells: 6/6 levels left

rFire    . . .     SeeInvis .   a - +0 flail
rCold    . . .     Faith    .   c - +0 kite shield
rNeg     + . .     Spirit   .   s - +2 ring mail {Will+}
rPois    ∞         Reflect  .   g - +0 helmet
rElec    +         Harm     .   (no cloak)
rCorr    .         Rampage  .   (no gloves)
Will     +....                  (no boots)
Stlth    ..........             i - amulet of the acrobat
HPRegen  0.14/turn              (no ring)
MPRegen  0.10/turn              (no ring)

@: mighty, acrobatic
A: sickness immunity, AC +4, negative energy resistance 1, electricity
resistance, torment resistance 1, petrification resistance
a: Renounce Religion


You were on level 4 of the Dungeon.
You worshipped Okawaru.
Okawaru was noncommittal.
You visited 2 branches of the dungeon, and saw 5 of its levels.

You collected 82 gold pieces.
You spent 22 gold pieces at shops.

Inventory:

Hand Weapons
 a - a +0 flail (weapon)
 n - a +2 dagger of draining
Missiles
 j - 60 poisoned darts (quivered)
Armour
 b - a +0 scale mail
 c - a +0 kite shield (worn)
 g - a +0 helmet (worn)
 s - a +2 ring mail of willpower (worn)
 v - a +0 cloak
Jewellery
 i - an amulet of the acrobat (around neck)
 y - an amulet of faith
Wands
 u - a wand of digging (8)
 A - a wand of polymorph (8)
Scrolls
 e - a scroll of enchant weapon {unknown}
 f - 2 scrolls of enchant armour {unknown}
 h - 2 scrolls of vulnerability {unknown}
 k - a scroll of amnesia {unknown}
 l - 2 scrolls of identify
 m - a scroll of acquirement {unknown}
 p - 3 scrolls of fear {unknown}
 q - 3 scrolls of immolation
 r - a scroll of torment {unknown}
 w - a scroll of teleportation {unknown}
Potions
 d - a potion of might
 o - a potion of brilliance {unknown}
 t - a potion of lignification {unknown}
 x - a potion of mutation {unknown}
 z - a potion of curing {unknown}


   Skills:
 - Level 5.0 Fighting
 * Level 6.4 Maces & Flails
 - Level 3.2 Armour
 - Level 3.2 Shields


You had 6 spell levels left.
You didn't know any spells.
Your spell library contained the following spells:

 Spells                   Type           Power      Damage    Failure   Level
 Beastly Appendage        Tmut           0%         N/A       96%         1
 Pain                     Necr           0%         1d4       96%         1
 Blink                    Tloc           N/A        N/A       99%         2
 Wereblood                Tmut           0%         N/A       99%         2
 Spider Form              Tmut/Pois      0%         N/A       100%        3
 Ice Form                 Ice/Tmut       0%         N/A       100%        4
 Borgnjor's Vile Clutch   Necr/Erth      0%         N/A       100%        5
 Hydra Form               Tmut           0%         N/A       100%        5
 Death Channel            Necr           0%         N/A       100%        6


Dungeon Overview and Level Annotations

Branches:
Dungeon (4/15)             Temple (1/1) D:4

Altars:
Ashenzari
Dithmenos
Elyvilon
Fedhas
Gozag
Hepliaklqana
Kikubaaqudgha
Makhleb
Nemelex Xobeh
Okawaru
Qazlal
Sif Muna
Trog
Uskayaw
Vehumet
Wu Jian
Xom
Zin
The Shining One

Shops:
D:2 ?*

Annotations:
D:4 Edmund


Innate Abilities, Weirdness & Mutations

You are immune to sickness and miasma.
Your stone body is resilient. (AC +4)
You are immune to poison.
You resist negative energy. (rN+)
You are resistant to electric shocks. (rElec)
You are resistant to unholy torment.
You are immune to petrification.


Message History

Found a dagger.
There is a stone staircase leading down here.
You see here a +0 dagger.
There is an open door here.
Found a spear.
You see here a +0 spear.
y - an amulet of faith
A - a wand of polymorph (8) Edmund the Younger comes into view.
He is wielding a +3 flail of holy wrath.
Edmund shouts!
Edmund is nearby!
Okay, then.
Okay, then.
Okay, then.
You throw a poisoned dart.
The poisoned dart closely misses Edmund.
Edmund gestures with his flail.
You hit Edmund.
Edmund is lightly wounded.
Edmund hits you but does no damage.
Edmund hits you with a +3 flail of holy wrath!
You closely miss Edmund.
Edmund is lightly wounded.
You block Edmund's attack.
You sock Edmund!
Edmund is lightly wounded.
Edmund hits you with a +3 flail of holy wrath!
You hit Edmund.
Edmund is lightly wounded.
Edmund hits you with a +3 flail of holy wrath.
Edmund closely misses you.
You feel very mighty all of a sudden.
Edmund hits you with a +3 flail of holy wrath!
* * * LOW HITPOINT WARNING * * *
You hit Edmund.
Edmund is moderately wounded.
Edmund hits you with a +3 flail of holy wrath!
* * * LOW HITPOINT WARNING * * *
Edmund hits you with a +3 flail of holy wrath!
You die...

### #.# #.# #####.### #.#
#.......# ##'## .# #.......#
##...## ### .# #.......# ##.....#
# ##.##.# #.......## ##.......
####...#.####......).####........
'..............................≈.
####......≈..⌠..@..............≈≈
# #...≈≈≈≈≈...#@##.####......≈≈≈
#....≈≈≈≈..##.#### #......≈≈≈
#....≈≈≈...##.##### #.....≈≈≈≈
#....≈≈≈≈≈..#.....# #.....≈≈≈≈
#.....≈...≈.#.###.###.....≈≈≈≈
#...⌠....._.#.............≈≈§≈
#.....##....#..##.####...
####.########..##.#


You could see Edmund.

Vanquished Creatures
  Grinder (D:3)
  An ogre (D:4)
  A jelly (D:4)
  Ijyb (D:3)
  A hound skeleton (D:4)
  3 adders
  3 worms
  4 dart slugs
  A ball python (D:1)
  An endoplasm (D:1)
  2 giant cockroaches
  6 goblins
  6 hobgoblins
  3 jackals (D:4)
  6 kobolds
  A quokka (D:2)
  2 bats
  3 frilled lizards
  4 rats
50 creatures vanquished.

Vanquished Creatures (others)
  A hobgoblin (D:3)
  4 toadstools (D:1)
5 creatures vanquished.

Grand Total: 55 creatures vanquished

Notes
Turn   | Place    | Note
-------+----------+-------------------------------------------
     0 | D:1      | Delamore the Gargoyle Fighter began the quest for the Orb.
     0 | D:1      | Reached XP level 1. HP: 14/14 MP: 1/1
   207 | D:1      | Reached XP level 2. HP: 19/19 MP: 2/2
   929 | D:2      | Reached skill level 3 in Maces & Flails
   933 | D:2      | Reached XP level 3. HP: 23/24 MP: 3/3
  1139 | D:2      | Found Roxte's Assorted Antiques.
  1193 | D:2      | Found Ariakeo's Magic Scroll Emporium.
  1199 | D:2      | Bought a scroll of identify for 22 gold pieces
  1281 | D:2      | Reached XP level 4. HP: 29/29 MP: 4/4
  1400 | D:2      | Found a faded altar of an unknown god.
  1796 | D:3      | Noticed Ijyb
  1832 | D:3      | Killed Ijyb
  1833 | D:3      | Reached skill level 4 in Maces & Flails
  2215 | D:3      | Noticed Grinder
  2235 | D:3      | Killed Grinder
  2236 | D:3      | Reached skill level 5 in Fighting
  2236 | D:3      | Reached skill level 5 in Maces & Flails
  2236 | D:3      | Reached XP level 5. HP: 22/35 MP: 5/5
  2236 | D:3      | Reached XP level 6. HP: 25/40 MP: 6/6
  2359 | D:3      | Noticed a black bear
  2477 | D:4      | Found a staircase to the Ecumenical Temple.
  2515 | Temple   | Entered the Ecumenical Temple
  2694 | Temple   | Became a worshipper of Warmaster Okawaru
  2749 | D:4      | Identified Qoobaot's Disquisition on the Dark Voyage
  2867 | D:4      | Found an ancient bone altar of Kikubaaqudgha.
  2974 | D:4      | Reached skill level 6 in Maces & Flails
  3255 | D:4      | Reached XP level 7. HP: 44/44 MP: 7/7
  3512 | D:4      | Noticed Edmund
  3519 | D:4      | HP: 2/44 [Edmund/+3 flail of holy wrath (11)]
  3531 | D:4      | Mangled by Edmund

Illustrated notes

Levels and vault maps discovered:
D:1:      ldierk_water_garden, layout_rooms, nrook_campfire,
          minmay_misc_feat_tower
D:2:      layout_basic, hellmonk_ecumenical_altar_blasted, serial_shops,
          nicolae_shop_trees, shop
D:3:      layout_basic, minivault_27, uniq_grinder, uniq_sigmund, uniq_robin,
          uniq_ijyb
D:4:      minmay_spotlight, layout_loops_corners, kiku_gazebo_pond_becter,
          minmay_temple_entry_waves, lemuel_old_faithful, uniq_edmund
Temple:   dpeg_five_rooms_temple

Skill      XL: |  1  2  3  4  5  6 |
---------------+-------------------+-----
Maces & Flails | 3 5 6 |  6.4
Fighting       | 4 5 |  5.0
Armour         | |  3.2
Shields        | |  3.2

Action                   |  1- 3 |  4- 6 |  7- 9 || total
-------------------------+-------+-------+-------++-------
Melee: Flail             |    55 |    15 |    18 ||    88
       Dagger            |    61 |    59 |       ||   120
Throw: Dart              |       |    10 |     1 ||    11
Evoke: Wand              |       |     6 |       ||     6
  Use: Potion            |       |       |     1 ||     1
Armor: Scale mail        |    47 |    12 |       ||    59
       Ring mail         |       |    15 |     5 ||    20
Dodge: Dodged            |    40 |    31 |     4 ||    75
Block: Kite shield       |    56 |    22 |     7 ||    85

Table legend: (Time is in decaauts)
 A = Elapsed time spent in this place.
 B = Non-inter-level travel time spent in this place.
 C = Inter-level travel time spent in this place.
 D = Time resting spent in this place.
 E = Time spent auto-exploring this place.
 F = Levels seen in this place.
 G = Mean time per level.
                   A        B        C        D        E       F      G
               +--------+--------+--------+--------+--------+-----+--------+
         Total |   3601 |   3380 |    221 |    601 |   2206 |   5 |  720.2 |
       Dungeon |   3392 |   3199 |    193 |    601 |   2029 |   4 |  848.0 |
        Temple |    208 |    180 |     28 |      0 |    177 |   1 |  208.0 |
               +--------+--------+--------+--------+--------+-----+--------+

Top non-repeatable levels by time:
     D:2: 1045 daAuts
     D:4: 874 daAuts
     D:1: 800 daAuts
     D:3: 672 daAuts
  Temple: 208 daAuts
